Cogmind - Beta 16 @@@ ROGUE MODE // 2025.12.23 @ 21:10:03 Player: PE-P51 Result: Self-destructed Performance ------------- Evolutions (4) 2000 Regions Visited (5) 1000 Robots Destroyed (91) 455 Value Destroyed (2455) 2455 Prototype IDs (20) 400 Alien Tech Used (0) 0 Bonus (800) 800 TOTAL SCORE: 7110 Bonus ------- Registered with UFD 300 Met Optimus in HQ 500 Cogmind --------- Core Integrity 395/850 Matter 288/300 Energy 100/100 System Corruption 8% Temperature Cool (18) Movement Core (100) Ox1 Location -6/Factory Parts ------- > --- POWER (1) -------- (None) > --- PROPULSION (4) --- (None) > --- UTILITY (8) ------ Small Storage Unit Advanced Signal Interpreter Improved Terrain Scanner Hacking Suite Hacking Suite Makeshift System Shield > --- WEAPON (2) ------- (None) > --- INVENTORY (8) ---- Cooled Cesium-ion Thruster Cooled Cesium-ion Thruster Cooled Cesium-ion Thruster Deep Structural Scanner Nanoactuators Reaction Control System Mapping Drone Bay (3/3) CPS Tube (2) Peak State ------------ > --- POWER ------------ Deuterium Engine > --- PROPULSION ------- Light Treads Armored Wheel Armored Wheel > --- UTILITY ---------- Huge Storage Unit Deep Structural Scanner Advanced Targeting Computer Makeshift Light Armor Plating Tower Shield Hacking Suite Makeshift System Shield Makeshift System Shield Authchip [Propulsion] > --- WEAPON ----------- Shock Rifle Improved Heavy Laser Heavy Battle Rifle Heavy Battle Rifle > --- INVENTORY -------- Flight Unit Flight Unit Flight Unit Cesium-ion Thruster Advanced Signal Interpreter Surveybot 17 Chip Nanoactuators Nanoactuators Reaction Control System Improved Propulsion Shielding Authchip [Propulsion] Authchip [Propulsion] Authchip [Armor] Mapping Drone Bay Mini Grenade Launcher Missile Launcher CPS Tube Multitool Ripper Makeshift Spear Makeshift Spear [Rating: 79] Favorites ----------- Power Light Nuclear Core Engine Deuterium Engine Power Core Light Nuclear Core Reactor Cold Fusion Reactor Propulsion Armored Wheel Treads Light Treads Leg Aluminum Leg Wheel Armored Wheel Flight Unit VTOL Module Utility Huge Storage Unit Device Deep Structural Scanner Storage Huge Storage Unit Processor Advanced Signal Interpreter Hackware Hacking Suite Protection Makeshift Light Armor Plating Weapon Subdweller Beam Cannon Energy Gun Spread Laser Energy Cannon Subdweller Beam Cannon Ballistic Gun Heavy Battle Rifle Launcher Mini Grenade Launcher Special Weapon Mining Laser Piercing Weapon Makeshift Spear Special Melee Weapon Datajack Build | -11 -10 -10 -8 -8 -6 ------- Run | Yrd Mat Sub Rec Scr Fac Slots Evolved 8 | . . . . . 8 Power . | . . . . . . Propulsion 2 | . . . . . 2 Utility 6 | . . . . . 6 Weapon . | . . . . . . Parts Attached 86 | . 19 14 2 1 50 Power 11 | . 1 3 1 . 6 Engine 5 | . . 3 1 . 1 Core 5 | . 1 . . . 4 Reactor 1 | . . . . . 1 Propulsion 25 | . 7 . . . 18 Treads 8 | . 3 . . . 5 Leg 4 | . 2 . . . 2 Wheel 2 | . 2 . . . . Hover . | . . . . . . Flight 11 | . . . . . 11 Utility 27 | . 5 3 . 1 18 Device 7 | . 1 . . 1 5 Storage 4 | . 2 . . . 2 Processor 3 | . . . . . 3 Hackware 6 | . . . . . 6 Protection 7 | . 2 3 . . 2 Artifact . | . . . . . . Weapon 23 | . 6 8 1 . 8 Energy Gun 6 | . 2 1 . . 3 Energy Cannon 3 | . . 3 . . . Ballistic Gun 6 | . 3 2 1 . . Ballistic Cannon . | . . . . . . Launcher 2 | . . 1 . . 1 Special Weapon 3 | . 1 1 . . 1 Impact Weapon . | . . . . . . Slashing Weapon . | . . . . . . Piercing Weapon 2 | . . . . . 2 Special Melee Weapon 1 | . . . . . 1 Unidentified Prototypes 4 | . . . . . 4 Parts Lost 27 | . 1 1 . . 25 Power 3 | . . 1 . . 2 Propulsion 13 | . 1 . . . 12 Utility 7 | . . . . . 7 Weapon 4 | . . . . . 4 Highest Loss Streak 6 | . 1 1 . . 6 To Critical Strikes . | . . . . . . Average Backups 14 | . 14 13 22 18 9 Power . | . 2 . 1 . . Propulsion 2 | . 3 2 3 3 1 Utility 7 | . 5 6 11 10 5 Weapon 2 | . 3 2 5 3 1 Tool/Special . | . . . . . . Unused Backups 37 | . 8 9 5 2 13 Power 3 | . 1 2 . . . Propulsion 10 | . 4 2 1 . 3 Utility 11 | . 1 1 3 . 6 Weapon 11 | . 2 3 1 2 3 Tool/Special 2 | . . 1 . . 1 Average Slot Usage (%) 92 | . 99 90 100 94 82 Engine 7 | . 1 11 14 12 1 Core 4 | . 12 1 . . 3 Treads 6 | . 24 . . . 3 Wheel 17 | . . 28 28 28 2 Flight 1 | . . . . . 10 Device 2 | . 3 . . 3 10 Storage 11 | . 21 6 14 13 4 Processor 1 | . . . . . 10 Hackware 2 | . . . . . 18 Protection 9 | . 2 13 14 9 3 Energy Gun 2 | . 1 5 . . . Energy Cannon 7 | . . 17 8 . . Ballistic Gun 13 | . 23 5 19 25 2 Peak Build Rating 79 | . 19 23 28 29 79 Average Rating 24 | . 11 18 26 25 55 On Entrance 18 | 6 6 17 23 28 29 Avg Prop Armor Cover (%) 18 | . . . . 34 6 Naked Turns . | . . . . . . Heaviest Build 225 | 12 94 105 105 101 225 Greatest Support 76 | 20 40 24 24 24 76 Greatest Overweight (x) 11 | . 7 4 4 4 11 Average Overweight (x) 2 | . 1 2 4 3 1 Largest Inventory Capacity 25 | . 25 25 25 25 25 Average Capacity 18 | . 23 14 25 23 12 Most Carried 25 | . 25 25 25 25 25 Average Carried 15 | . 14 14 24 19 9 Final Capacity 25 | 8 25 25 25 25 8 Final Carried 25 | 6 25 25 25 25 8 Class Distribution -------------------- 68% | Mutant 16% | Subdweller-Mutant 6% | Hacker-Mutant 3% | Hacker-Assassin 3% | Hacker-Sprinter Dominant Class ---------------- Mutant | -10/Materials Mutant | -10/Subcaves Mutant | -8/Recycling Mutant | -8/Scraptown Hacker-Mutant | -6/Factory Resources | -11 -10 -10 -8 -8 -6 ----------- Run | Yrd Mat Sub Rec Scr Fac Matter Collected 2394 | 200 789 471 62 . 872 Remotely . | . . . . . . Salvage Created 3522 | . 981 424 236 . 1881 Parts 196 | . 56 27 10 . 103 Haulers Intercepted 5 | . 2 . . . 3 Recyclers Shooed 10 | . 3 . 4 . 3 Parts Field Recycled . | . . . . . . Retrieved Matter . | . . . . . . Parts Self-Destructed 15 | . . 15 . . . Prevented . | . . . . . . Parts Restored . | . . . . . . Kills | -11 -10 -10 -8 -8 -6 ------- Run | Yrd Mat Sub Rec Scr Fac Combat Hostiles Destroyed 56 | . 15 15 3 . 23 Melee 7 | . . . . . 7 Guns 33 | . 15 9 3 . 6 Cannons 6 | . . 6 . . . AOE 10 | . . . . . 10 Classes Destroyed 12 | . 8 3 . . 1 Worker 8 | . 3 . . . 5 Builder 8 | . 1 . . . 7 Hauler 5 | . 2 . . . 3 Recycler 7 | . 2 . 1 . 4 Operator 2 | . 1 . . . 1 Turret 2 | . . 2 . . . Watcher 3 | . 3 . . . . Swarmer 18 | . 3 4 . . 11 Grunt 15 | . 12 . . . 3 Sentry 8 | . . 1 3 . 4 Programmer 5 | . . . . . 5 Subdweller 10 | . . 10 . . . Best Kill Streak 9 | . 3 6 2 . 9 Combat Bots Only 6 | . 3 4 2 . 6 Max Kills in Single Turn 3 | . 2 1 1 . 3 Gunslinging 1 | . 1 . . . . Exploded 3 | . . . . . 3 Melee 1 | . . . . . 1 Uniques/NPCs Destroyed . | . . . . . . Combat | -11 -10 -10 -8 -8 -6 -------- Run | Yrd Mat Sub Rec Scr Fac Hostile Shots Fired 430 | . 89 79 4 . 258 Missed 138 | . 28 22 . . 88 Hits 292 | . 61 57 4 . 170 Projectile 292 | . 61 57 4 . 170 AOE 1 | . . . . . 1 Critical Strikes 7 | . . 3 . . 4 Damage Taken 4224 | . 737 1168 71 . 2248 Core 696 | . 131 81 29 . 455 Absorbed by Shields . | . . . . . . Redirected to Shielding 3 | . 3 . . . . Regen/Repaired (Parts) 210 | . 210 . . . . Core Remaining (%) 51 | 100 . . . 3 . Volleys Fired 288 | . 135 111 12 . 30 Largest 4 | . 2 2 2 . 4 Hottest 181 | . 130 160 113 . 181 Shots Fired 536 | . 255 200 22 . 59 Gun 387 | . 230 96 15 . 46 Cannon 109 | . . 102 7 . . Launcher 14 | . . 1 . . 13 Special 26 | . 25 1 . . . Kinetic 301 | . 209 39 15 . 38 Thermal 219 | . 46 161 7 . 5 Explosive 13 | . . . . . 13 Electromagnetic 3 | . . . . . 3 Robot Hit Streak 20 | . 20 16 10 . 8 Robot Miss Streak 5 | . 5 2 2 . 4 Penetration Max . | . . . . . . Secondary Targets 1 | . 1 . . . . Max Gunslinging Chain 1 | . 1 . . . . Shots Hit Robots 292 | . 122 64 16 . 90 Core Hits 135 | . 45 35 4 . 51 Critical Kills 1 | . . 1 . . . Critical Parts Destroyed . | . . . . . . Critical Strikes 9 | . 2 1 . . 6 Burn 2 | . 2 . . . . Meltdown 1 | . . 1 . . . Corrupt 1 | . . . . . 1 Impale 5 | . . . . . 5 Melee Attacks 94 | . . . . . 94 Impact . | . . . . . . Slashing . | . . . . . . Piercing 93 | . . . . . 93 Sneak Attacks 19 | . . . . . 19 Combat Hostiles . | . . . . . . Follow-up Attacks . | . . . . . . Damage Inflicted 7707 | . 1641 1378 395 . 4293 Guns 3264 | . 1573 847 230 . 614 Cannons 669 | . . 531 138 . . Explosions 1013 | . . . . . 1013 Melee 2640 | . . . . . 2640 Ramming 121 | . 68 . 27 . 26 Kinetic 2444 | . 1387 297 230 . 530 Thermal 1500 | . 186 1081 138 . 95 Explosive 970 | . . . . . 970 Electromagnetic 32 | . . . . . 32 Impact . | . . . . . . Slashing . | . . . . . . Piercing 2640 | . . . . . 2640 Highest Corruption 8 | . . . . . 8 Average Corruption 5 | . . . . . 5 Corruption Purged . | . . . . . . Corruption Blocked . | . . . . . . Effects 35 | . . . . . 35 Message Errors 8 | . . . . . 8 Matter Fused 7 | . . . . . 7 Heat Flow Errors 6 | . . . . . 6 Energy Discharges 3 | . . . . . 3 Data Loss (minor) 6 | . . . . . 6 Data Loss (major) 2 | . . . . . 2 Misfires 2 | . . . . . 2 Alerts 1 | . . . . . 1 Overload Shots . | . . . . . . Overflow Damage 637 | . . . 4 . 633 Projectiles 4 | . . . 4 . . Explosions 62 | . . . . . 62 Melee 571 | . . . . . 571 Knockbacks . | . . . . . . Impact . | . . . . . . Kinetic . | . . . . . . Secondary . | . . . . . . Self-Inflicted Damage 266 | . . 26 12 . 228 Shots 7 | . . 1 . . 6 Rammed 18 | . 10 1 3 . 4 Targets Rammed 20 | . 12 1 3 . 4 Kicked 2 | . 2 . . . . Crushed . | . . . . . . Highest Temperature 303 | . 135 303 160 . 264 Average Temperature 59 | . 32 62 57 . 87 Received Heat Transfer 1329 | . 339 504 18 . 468 Effects 1 | . . 1 . . . Interference 1 | . . 1 . . . Siege Activations . | . . . . . . Martial Activations . | . . . . . . Shielding Activations . | . . . . . . Robots Disrupted . | . . . . . . Combat Hostiles . | . . . . . . Robots Corrupted . | . . . . . . Combat Hostiles . | . . . . . . Parts Fried . | . . . . . . Impact Corruptions 1 | . . . . . 1 Robots Melted 1 | . . 1 . . . Combat Hostiles . | . . . . . . Parts Melted 2 | . 1 1 . . . Heat Transferred 2395 | . 703 1383 185 . 124 Parts Sabotaged . | . . . . . . Parts Stolen . | . . . . . . Parts Stripped . | . . . . . . Power Chain Reactions . | . . . . . . Alert | -11 -10 -10 -8 -8 -6 ------- Run | Yrd Mat Sub Rec Scr Fac Maximum Alert Level 1 | . . . . . 1 Low Security (%) 81 | . 100 . 100 . 42 Level 1 18 | . . . . . 57 Level 2 . | . . . . . . Level 3 . | . . . . . . Level 4 . | . . . . . . Level 5 . | . . . . . . High Security . | . . . . . . Max Security . | . . . . . . Peak Influence 347 | . 131 . 47 . 347 Initial . | . . . . . . Average 84 | . 47 . 4 . 188 Influence Increases 2054 | . 528 185 172 . 1169 Destroy 0b10 Robot/C 1000 | . 300 140 60 . 500 Destroy 0b10 Robot/NC 165 | . 60 . 5 . 100 Destroy Leader 226 | . 80 . . . 146 Successful Hack 158 | . 37 . 13 . 108 Select Force Hacks 90 | . . . 90 . . Disable Machine 150 | . . . . . 150 Destroy Structure 85 | . 6 . 4 . 75 Lose Combat Pursuer 180 | . 45 45 . . 90 Influence Decreases 1794 | . 452 261 172 . 909 Entered New Map 37 | . . 37 . . . Time Decay 1317 | . 442 224 172 . 479 Lost Part 250 | . 10 . . . 240 Lost Ally 40 | . . . . . 40 Purge Threat 150 | . . . . . 150 Squads Dispatched 12 | . 3 . . . 9 Investigation 4 | . 2 . . . 2 Extermination 4 | . . . . . 4 Reinforcement 4 | . 1 . . . 3 Assault . | . . . . . . Garrison . | . . . . . . Intercept . | . . . . . . Searches Triggered . | . . . . . . Construction Impeded 1 | . . . . . 1 Haulers Reinforced . | . . . . . . Active Scanning Responses . | . . . . . . Cargo Convoy Interrupts . | . . . . . . Stealth | -11 -10 -10 -8 -8 -6 --------- Run | Yrd Mat Sub Rec Scr Fac Distress Signals 1 | . . . 1 . . Communications Jammed . | . . . . . . Distress Signals . | . . . . . . Times Spotted 93 | . 35 19 2 . 37 Peak Tracking Total 6 | . 4 6 1 . 4 Tactical Retreats 7 | . 2 1 . . 4 Traps | -11 -10 -10 -8 -8 -6 ------- Run | Yrd Mat Sub Rec Scr Fac Traps Triggered 12 | . 6 2 . . 4 Indirectly . | . . . . . . Trap Hack Attempts . | . . . . . . Triggered . | . . . . . . Disarmed . | . . . . . . Reprogrammed . | . . . . . . Reused . | . . . . . . Traps Extracted . | . . . . . . Installed . | . . . . . . Triggered . | . . . . . . Machines | -11 -10 -10 -8 -8 -6 ---------- Run | Yrd Mat Sub Rec Scr Fac Machines Disabled 12 | . . 2 . . 10 Max in Single Turn 3 | . . 1 . . 3 Garrison Access 1 | . . . . . 1 Machines Repaired . | . . . . . . Machines Dismantled . | . . . . . . Machines Sabotaged . | . . . . . . Overloaded Fab Kills . | . . . . . . Hacking | -11 -10 -10 -8 -8 -6 --------- Run | Yrd Mat Sub Rec Scr Fac Machines Accessed 38 | . 8 2 9 3 16 Terminals 20 | . 7 . 6 . 7 Fabricators 4 | . . . . . 4 Repair Stations 1 | . 1 . . . . Recycling Units 6 | . . . 3 . 3 Scanalyzers 1 | . . . . . 1 Garrison Access 1 | . . . . . 1 Total Hacks 129 | . 31 4 23 26 45 Successful 76 | . 17 4 10 26 19 Failed 51 | . 13 . 12 . 26 Catastrophic 7 | . 1 . . . 6 Database Lockouts 2 | . 1 . 1 . . Manual 48 | . 14 . 15 . 19 Terminals 61 | . 24 . 17 . 20 Fabricators 13 | . . . . . 13 Repair Stations 7 | . 7 . . . . Recycling Units 13 | . . . 6 . 7 Scanalyzers 2 | . . . . . 2 Garrison Access 3 | . . . . . 3 Terminal Hacks 51 | . 11 4 5 26 5 Record 29 | . . 3 . 26 . Part Schematic 4 | . 2 . 1 . 1 Robot Analysis 5 | . 2 . 3 . . Prototype ID Bank 2 | . 1 . 1 . . Branch Access Points 1 | . 1 . . . . Terminal Index 1 | . 1 . . . . Scanalyzer Index 1 | . . . . . 1 Alert Level 2 | . 1 . . . 1 Unreport Threat 1 | . . . . . 1 Locate Traps 2 | . 2 . . . . Hauler Manifests 1 | . 1 . . . . Registered Prototypes 1 | . . . . . 1 Proto ID Catalog 1 | . . 1 . . . Fabricator Hacks 4 | . . . . . 4 Network Status 1 | . . . . . 1 Load Schematic 1 | . . . . . 1 Build 2 | . . . . . 2 Repair Station Hacks 6 | . 6 . . . . Scan Component 3 | . 3 . . . . Repair 3 | . 3 . . . . Recycling Unit Hacks 3 | . . . 2 . 1 Retrieve Components 3 | . . . 2 . 1 Scanalyzer 2 | . . . . . 2 Insert Component 1 | . . . . . 1 Analyze 1 | . . . . . 1 Garrison Access Hacks 1 | . . . . . 1 Seal Access 1 | . . . . . 1 Unauthorized Hacks 9 | . . . 3 . 6 Terminals . | . . . . . . Fabricators 5 | . . . . . 5 Prioritize 2 | . . . . . 2 Liberate 2 | . . . . . 2 Haulers 1 | . . . . . 1 Repair Stations . | . . . . . . Recycling Units 4 | . . . 3 . 1 Mask 1 | . . . . . 1 Tunnel 3 | . . . 3 . . Scanalyzers . | . . . . . . Garrison Access . | . . . . . . Data Cores Recovered . | . . . . . . Used . | . . . . . . Hacking Detections 27 | . 7 . 6 . 14 Full Trace Events 9 | . 4 . 3 . 2 Feedback Events . | . . . . . . Feedback Blocked . | . . . . . . Robot Schematics Acquired . | . . . . . . Robots Built . | . . . . . . Authchips . | . . . . . . Time . | . . . . . . Total Robot Build Rating . | . . . . . . Part Schematics Acquired 5 | . 2 . 1 . 2 Parts Built 3 | . . . . . 3 Authchips . | . . . . . . Time 129 | . . . . . 129 Total Part Build Rating 15 | . . . . . 15 Part Studies Acquired . | . . . . . . Parts Repaired 3 | . 3 . . . . Time 90 | . 90 . . . . Parts Recycled . | . . . . . . Recycled Matter . | . . . . . . Retrieved Matter . | . . . . . . Retrieved Components 7 | . . . 4 . 3 Parts Scanalyzed 1 | . . . . . 1 Part Schematics Acquired 1 | . . . . . 1 Parts Damaged . | . . . . . . Bothacking | -11 -10 -10 -8 -8 -6 ------------ Run | Yrd Mat Sub Rec Scr Fac Used RIF Installer . | . . . . . . Robots Hacked 1 | . . . . . 1 Non-combat 1 | . . . . . 1 Combat . | . . . . . . Robot Hacks Applied 1 | . . . . . 1 find_chute 1 | . . . . . 1 Relay Couplers Released . | . . . . . . Fabnet Peak Effective % . | . . . . . . Robots Rewired . | . . . . . . Allies Hacked . | . . . . . . Hacks Repelled . | . . . . . . Allies | -11 -10 -10 -8 -8 -6 -------- Run | Yrd Mat Sub Rec Scr Fac Total Allies 2 | . . . . . 2 Largest Group 2 | . . . . . 2 Highest-Rated Group 82 | . . . . . 82 Highest-Rated Ally 41 | . . . . . 41 Total Orders . | . . . . . . Ally Attacks 8 | . . . . . 8 Total Damage 245 | . . . . . 245 Kills 2 | . . . . . 2 Allies Corrupted . | . . . . . . Allies Melted . | . . . . . . Intel | -11 -10 -10 -8 -8 -6 ------- Run | Yrd Mat Sub Rec Scr Fac Active Infowar (turns) 1838 | . . . . 39 1799 Sensors 912 | . . . . . 912 Terrain 504 | . . . . . 504 Structural 946 | . . . . 39 907 Robot Analysis Total 5 | . 2 . 3 . . Derelict Logs Recovered 6 | . . 3 . 3 . Drone Launches . | . . . . . . Drone Recoveries . | . . . . . . Exploration | -11 -10 -10 -8 -8 -6 ------------- Run | Yrd Mat Sub Rec Scr Fac Turns Passed 14868 | . 3550 5754 1262 2052 2250 Spaces Moved 9316 | 1 965 4349 793 1485 1723 Core 306 | . . . . 253 53 Treads 989 | . 787 . . . 202 Legs 216 | 1 151 . . . 64 Wheels 6683 | . 27 4349 793 1232 282 Hover . | . . . . . . Flight 1122 | . . . . . 1122 Fastest Speed 26 | 120 120 90 150 50 26 Average Speed 135 | 120 283 121 150 132 84 Slowest Speed 480 | 120 480 150 150 150 426 Overloaded Moves . | . . . . . . Propulsion Burnouts . | . . . . . . Robots Hopped 9 | . . . . . 9 Potential Cave-ins . | . . . . . . Cave-ins Triggered . | . . . . . . Exploration Rate (%) 67 | 2 98 99 97 77 30 Regions Visited 5 Branch Regions 3 Pre-discovered Areas 14 | . . 4 3 7 . Known Exits Taken . | . . . . . . Unknown Exits Taken 5 | 1 1 1 1 1 . Scrap Searched 14 | . . 14 . . . Spaces Dug 51 | . 5 29 . . 17 Terrain Destroyed 127 | . 8 46 4 . 69 Melee 13 | . . . . . 13 Projectile 41 | . 8 28 4 . 1 AOE 73 | . . 18 . . 55 Terrain Rammed . | . . . . . . Walls Destroyed . | . . . . . . Machines Disabled . | . . . . . . Actions | -11 -10 -10 -8 -8 -6 --------- Run | Yrd Mat Sub Rec Scr Fac Total 10854 | . 1444 4618 845 1586 2361 Wait 765 | . 261 68 21 30 385 Move 9294 | . 964 4348 792 1484 1706 Hop 8 | . . . . . 8 Pick Up 121 | . 29 32 7 30 23 Fast Attach 36 | . 10 6 . 4 16 Attach 28 | . 2 1 . 1 24 Detach 12 | . 2 . . 5 5 Swap 60 | . 15 16 2 . 27 Drop 107 | . 14 22 8 32 31 Fire 288 | . 135 111 12 . 30 Melee 94 | . . . . . 94 Ram 8 | . . 1 3 . 4 Kick 2 | . 2 . . . . Crush 10 | . 10 . . . . Escape Stasis 8 | . . . . . 8 Rewire . | . . . . . . Trap . | . . . . . . Miscellaneous 13 | . . 13 . . . Route ------- -11/Scrapyard -10/Materials (discovered 5 exits: [*Mat x3] / *Min / *Sub) -10/Subcaves (discovered 3 exits: [*Mat x2] / *Rec) -8/Recycling (discovered 2 exits: *Fac / *Scr) -8/Scraptown -6/Factory (discovered 4 exits: *Fac x3 / Low) History --------- Turn | Location | Event 1 | -11/Scrapyard | Discovered new exit (range 0) 1 | -11/Scrapyard | Entered Materials 70 | -10/Materials | Identified exit to Mines 316 | -10/Materials | Build established: Mutant 850 | -10/Materials | Discovered new exit (range 5) 1247 | -10/Materials | Discovered new exit (range 15) 2377 | -10/Materials | Repaired Lgt. Nuclear Core 2405 | -10/Materials | Repaired Lgt. Treads 2432 | -10/Materials | Repaired Lgt. Treads 2514 | -10/Materials | Central database locked down 2991 | -10/Materials | Discovered new exit (range 8) 3096 | -10/Materials | Core integrity fell below 50% 3436 | -10/Materials | Discovered new exit (range 9) 3551 | -10/Materials | Entered Subcaves 3679 | -10/Subcaves | Learned Materials security intel 3869 | -10/Subcaves | Ambushed by Subdwellers from Twisted Machinery 4099 | -10/Subcaves | Disturbed a concealed Subdweller 4204 | -10/Subcaves | Shifting Twisted Machinery released Flamer 4205 | -10/Subcaves | Shifting Twisted Machinery released Sub. Laser 4284 | -10/Subcaves | Discovered new exit (range 9) 4412 | -10/Subcaves | Visited 4L-MR0's lab 4413 | -10/Subcaves | Learned location of Recycling (-8) 4449 | -10/Subcaves | Found Tower Shield 4853 | -10/Subcaves | Build established: Subdweller-Mutant 4880 | -10/Subcaves | Shifting Twisted Machinery released Battle Rifle 4951 | -10/Subcaves | Discovered new exit (range 15) 5062 | -10/Subcaves | Discovered new exit (range 2) 5185 | -10/Subcaves | Visited Clippyterm 5188 | -10/Subcaves | Learned location of Extension (-5) 5666 | -10/Subcaves | A swath of the cavern ceiling suddenly collapsed 6149 | -10/Subcaves | Shifting Twisted Machinery released Sub. Laser 6155 | -10/Subcaves | Shifting Twisted Machinery released Scrap Shield 6258 | -10/Subcaves | Learned location of Mines (-10) 6300 | -10/Subcaves | Learned location of Zion (-7) 6300 | -10/Subcaves | Met a Zionite searching for "candidates" 7287 | -10/Subcaves | Build established: Mutant 7339 | -10/Subcaves | Ambushed by Subdweller buried in earth 8713 | -10/Subcaves | Core integrity fell below 20% 9305 | -10/Subcaves | Entered Recycling 9692 | -8/Recycling | Scanned before Scraplab entrance 10052 | -8/Recycling | Discovered new exit (range 15) 10549 | -8/Recycling | Entered Scraplab 10563 | -8/Recycling | Discovered new exit (range 3) 10567 | -8/Recycling | Entered Scraptown 10615 | -8/Scraptown | Heard Great Nut preacher, LISTEN AND RECITE! 10753 | -8/Scraptown | Scanned Subdweller tech in exchange for log data 10756 | -8/Scraptown | Learned Research terminal intel 10759 | -8/Scraptown | Learned location of Testing (-2) 10845 | -8/Scraptown | Visited Symbiants 10904 | -8/Scraptown | Visited Awakened 10937 | -8/Scraptown | Visited Junk Repository 10973 | -8/Scraptown | Visited Bundlers 10997 | -8/Scraptown | Visited Spacefarers 11018 | -8/Scraptown | Visited Comm Corps 11042 | -8/Scraptown | Visited TADAMA 11416 | -8/Scraptown | Visited UFD Registry 11416 | -8/Scraptown | Registered with UFD as "Ionlever" 11466 | -8/Scraptown | Visited Scrapoid Research Area 11535 | -8/Scraptown | Visited Derelict Rescue Squad 11581 | -8/Scraptown | Delivered Scrap Shield to a Scientist 11622 | -8/Scraptown | Visited LU-1G1's Boring Crew 11646 | -8/Scraptown | Visited Scrap Suit Storage 11670 | -8/Scraptown | Visited A0-MCA Data Center 11704 | -8/Scraptown | Visited Abandonware Association 11724 | -8/Scraptown | Learned abandonware demo "TRNCOAT.EXE" 11727 | -8/Scraptown | Learned abandonware demo "OVRCLOCK.EXE" 11787 | -8/Scraptown | Visited Supply Room 11872 | -8/Scraptown | Visited Cartography Club 12001 | -8/Scraptown | Found Surveybot 17 Chip 12069 | -8/Scraptown | Found Deep Structural Scanner 12080 | -8/Scraptown | Learned location of Warlord (-4) 12080 | -8/Scraptown | Learned location of Archives (-5) 12080 | -8/Scraptown | Learned 16 Materials zone layouts 12080 | -8/Scraptown | Learned 16 Factory zone layouts 12080 | -8/Scraptown | Learned 12 Research zone layouts 12080 | -8/Scraptown | Learned 4 Mines zone layouts 12080 | -8/Scraptown | Learned 8 Lower Caves zone layouts 12080 | -8/Scraptown | Learned 12 Lower Caves zone layouts 12080 | -8/Scraptown | Learned 16 Lower Caves zone layouts 12080 | -8/Scraptown | Learned 20 Lower Caves zone layouts 12080 | -8/Scraptown | Learned 4 Hub_04(d) zone layouts 12080 | -8/Scraptown | Learned location of 3 exits from Factory 12080 | -8/Scraptown | Learned location of 2 exits from Research 12080 | -8/Scraptown | Learned location of 2 exits from Lower Caves 12523 | -8/Scraptown | Met Optimus 12523 | -8/Scraptown | Accepted into 0bPrime 12616 | -8/Scraptown | Discovered new exit (range 3) 12619 | -8/Scraptown | Entered Factory 12619 | -6/Factory | Evolved 8 slots: Propulsion x2, Utility x6 12620 | -6/Factory | Identified exit to Factory 12620 | -6/Factory | Identified exit to Lower Caves 12651 | -6/Factory | Attached Tower Shield, gained temporary slots: Power, Propulsion x2, Utility x2, Weapon x2 12769 | -6/Factory | Fabricated Nanoactuators (x2) 12943 | -6/Factory | Build established: Hacker-Mutant 13185 | -6/Factory | Lost 3 parts (1n2u) 13511 | -6/Factory | Build established: Hacker-Sprinter 13785 | -6/Factory | Fabricated Sml. Storage Unit (x1) 14040 | -6/Factory | Build established: Hacker-Mutant 14221 | -6/Factory | Lost 3 parts (1n2w) 14653 | -6/Factory | Build established: Hacker-Assassin 14680 | -6/Factory | Lost 4 parts (1p3n) 14866 | -6/Factory | Core integrity fell below 50% 14869 | -6/Factory | Self-destructed Last Messages --------------- 14775_ Acquired Prototype Reactor. 14775_ Identified Cold Fusion Reactor. 14793_ System corrupted: Matter fused (-8). 14824_ U-05 Engineer lays Concrete. 14830_ ALERT: Cargo convoy en route, clear transfer corridor. 14832_ Surveybot 17 Chip destroyed. 14841_ System corrupted: Heat flow error (+137). 14845_ Multitool destroyed. 14849_ P-60 Hacker destroyed. 14850_ Lgt. Treads destroyed. 14852_ Critical hit (Burn: +37). 14854_ Imp. Sensor Array destroyed. 14855_ Lance destroyed. 14857_ Slammed into G-50 Soldier. 14860_ Adv. Signal Interpreter broken. 14860_ Destabilizing: Short circuit. 14861_ U-05 Engineer lays Concrete. 14863_ Critical hit (Burn: +37). 14864_ U-05 Engineer lays Concrete. 14869_ Cold Fusion Reactor destroyed. Map ----- +----------------------------------------------------+ | ?????????????????????????????????????????????????? | | ???????????????????????#?????????????????????????? | | ??????????????????#######?###????????????????????? | | ????????????????###############??????????????????? | | ??????????????#?#################????????????????? | | ?????????????#####################???????????????? | | ????????????#######################??????????????? | | ???????????#########################?????????????? | | ??????????###########################????????????? | | ??????????############################???????????? | | #?##?????#############################???????????? | | #?##?????##############################??????????? | | #######################################??????????? | | #######################################??????????? | | #######################################??????????? | | ##################################### ?????????? | | ############## ! ############ ?????????? | | ############## ############ ?????????? | | " ############## ############ ????????? | | " ############## """"""" ############ ????????? | | " ############## """"""" ############ ????????? | | ## ######### """"""" ############ ?????????? | | # ####### """"""" ############ ?A??????? | | ### !%!*# ## ????????? | | # #########+### u ????????? | | # ! !# ! [g @ ????????? | | # # ! Rg T" ????????? | | # # " ?????????? | | # + ??????????? | | # # % ???????????? | | # ! #u #### ???????????? | | # """ # # ## ###???????????? | | ! R" # # #############????????????? | | " # # ############?????????????? | | # % *+ ###########??????????????? | | ########### ##u # ### ???????????????? | | ##############u ##### ""????????????????? | | #############" u ##### "?????????????????? | | ##### "! ##### ??????????????????? | | ##### """ [" # ?????????????????????? | | ##### """ " # ?????????????????????? | | ##### """ " +??????????????????????? | | ##### + ????????????????????????? | | ##### """ # ?#??????????????????????? | | ##### """ # ####?#????????????????????????? | | ##### """ # ###### # # ??? | | ##### # # # # # ??? | | ############## # # ############## ??? | | #### # # # #########????# ??? | | #### + # + # #????####### ??? | +----------------------------------------------------+ Best States ------------- Heat Dissipation 39 Energy Generation 17 Energy Capacity 300 Matter Stores 397 Matter Capacity 500 Sight Range 16 Robot Scan Range 15 Terrain Scan Range 16 Terrain Scan Density 1210 Armor Coverage 2100 Propulsion Shielding 66 Weapon Shielding 33 Melee Speed Boost 30 Evasion (%) 72 Targeting Accuracy 8 Recoil Reduction 3 Offensive Hacking 20 Defensive Hacking 22 Authchip Count 6 Item Schematics ----------------- Sml. Storage Unit | -10/Materials | Hacked Med. Storage Unit | -10/Materials | Hacked Hrd. Medium Armor Plating | -8/Recycling | Hacked Imp. Point Defense System | -6/Factory | Hacked Nanoactuators | -6/Factory | Scanalyzed Robot Schematics ------------------ None Fabricated ------------ Nanoactuators | x2 | -6/Factory | Preloaded Sml. Storage Unit | x1 | -6/Factory Repaired ---------- Lgt. Nuclear Core | 2% | -10/Materials Lgt. Treads | 12% | -10/Materials Lgt. Treads | 72% | -10/Materials Studied --------- None Alien Tech Used ----------------- None Achievements -------------- None Challenges ------------ None Game ------ Seed GlidesysStasisThruster Manual? 0 Play Time 01:18:16 Cumulative 229.1 hours Start 2025.12.23 @ 19:48:00 End 2025.12.23 @ 21:10:03 Sessions 1 Manual Loads 0 Difficulty Rogue Special Mode None Game No. 308 Rogue 307 Adventurer 1 Explorer 0 Win Type - Total 2 Types 1/0/0/1/0/0/0/0/0/0 Lore% 69 Gallery% 63 Achievement% 55 Wizard Run 0 Options --------- Layout 0 ASCII 0 Keyboard 0 Movement Numpad Keybinds 0 Fullscreen 1 Font 24/Smallcaps Map View 76x50 Zoom Use 0% Tactical HUD 1 Map Filters NONE Filters NONE Steam 1 RUN: d8bd856f-45d8-4554-b6ba-9b61eeaaab73